 Dungeon Crawl Stone Soup version 0.31-a0-1405-g2bb1a01664 (webtiles) character file.

Game seed: 14076452937100285354

494 Loonster the Ruffian (level 6, -23/54 HPs)
             Began as a Troll Shapeshifter on Dec 25, 2023.
             Was a Believer of Uskayaw.
             Annihilated by an ogre
             ... wielding a +0 giant club
              (29 damage)
             ... on level 5 of the Dungeon.
             The game lasted 00:04:31 (2985 turns).

Loonster the Ruffian (Troll Shapeshifter)           Turns: 2985, Time: 00:04:32

Health: -23/54     AC:  5    Str: 25    XL:     6   Next: 92%
Magic:  5/5        EV:  9    Int:  6    God:    Uskayaw [**....]
Gold:   163        SH:  0    Dex:  9    Spells: 5/5 levels left

rFire   . .          .
                       - Unarmed
rCold   . . .        (no shield)
rNeg    . . .        f - +1 robe {Will+}
rPois   .            (helmet currently unavailable)
rElec   .            (cloak currently unavailable)
rCorr   .            (gloves unavailable)
SInv    .            (boots unavailable)
Will    +....        (no amulet)
Stlth   +            (no ring)
HPRegen 1.09/turn    (no ring)
MPRegen 0.09/turn

%: no passive effects
@: mighty, beast-form
A: beast (slay +1), large, unfitting armour, claws 3, regeneration 1, shaggy fur
1, tough skin 1
a: Begin Untransformation, Renounce Religion, Stomp, Line Pass


You were on level 5 of the Dungeon.
You worshipped Uskayaw.
Uskayaw was noncommittal.
You were a hulking beast.
You visited 1 branch of the dungeon, and saw 5 of its levels.

You collected 163 gold pieces.

Inventory:

Missiles
 p - 4 curare-tipped darts
Armour
 a - a +0 animal skin
 f - a +1 robe of willpower (worn)
Jewellery
 m - an amulet of magic regeneration
Talismans
 c - a beast talisman
 d - a flux talisman
Scrolls
 i - a scroll of poison
 k - a scroll of noise
 l - a scroll of revelation {unknown}
 o - 2 scrolls of identify {unknown}
 q - a scroll of teleportation {unknown}
 s - a scroll of amnesia {unknown}
 t - a scroll of enchant armour {unknown}
 w - 2 scrolls of blinking {unknown}
 x - a scroll of fog {unknown}
 y - a scroll of immolation {unknown}
Potions
 b - 2 potions of lignification
 e - a potion of might
 g - a potion of invisibility {unknown}
 h - a potion of enlightenment {unknown}
 j - a potion of haste {unknown}
 n - a potion of degeneration {unknown}
 r - a potion of heal wounds {unknown}
 u - a potion of mutation {unknown}
 v - a potion of magic {unknown}
 z - a potion of curing {unknown}


   Skills:
 - Level 0.7 Fighting
 - Level 1.5 Dodging
 + Level 7.9 Unarmed Combat
 - Level 3.0 Shapeshifting


You had 5 spell levels left.
You didn't know any spells.
Your spell library was empty.

Dungeon Overview and Level Annotations

Branches:
Dungeon (5/15)
 Temple: D:4-7

Altars:
Uskayaw
Vehumet


Innate Abilities, Weirdness & Mutations

You are a hulking beast.
Your limbs bulge with bestial killing power. (Slay +1)
You are too large for most types of armour.
You have claws for hands.
Your natural rate of healing is unusually fast.
You are covered in fur. (AC +1)
You have tough skin. (AC +1)


Message History

The white imp is lightly wounded.
The ogre barely misses you. The white imp gestures at you.
The puff of frost hits you.
You barely miss the white imp.
The white imp is lightly wounded.
The white imp hits you. The white imp freezes you. The shadow imp hits you.
You claw the white imp! Your claw misses the white imp.
The white imp is almost dead.
The ogre hits you with a +0 giant club! The white imp gestures at you.
The puff of frost hits you! The shadow imp closely misses you.
You are too injured to fight recklessly!
You are too injured to fight recklessly!
You are too injured to fight recklessly!
You are too injured to fight recklessly!
You are too injured to fight recklessly!
You are too injured to fight recklessly!
Unknown command.
You claw the white imp!
You kill the white imp!
The shadow imp attacks as it pursues you!
The shadow imp hits you. The ogre hits you with a +0 giant club!
* * * LOW HITPOINT WARNING * * *
As you read the scroll labelled JYSODEAGIQ, it crumbles to dust.
You hear a loud clanging noise!
It was a scroll of noise.
You hear a shout!
You hear a bark!
You hear an angry hiss. x2
You hear a shout!
You hear a bark! x2
The shadow imp barely misses you. The ogre barely misses you.
The air fills with toxic fumes!
As you read the scroll labelled TANUEQATAO, it crumbles to dust.
It was a scroll of poison.
The shadow imp hits you.
* * * LOW HITPOINT WARNING * * *
It was a potion of might.
You feel very mighty all of a sudden. The shadow imp barely misses you.
The ogre hits you with a +0 giant club!!
Ouch! That really hurt!
You die...

#.......## . #§§§..
§.#.. #..##§§§###§.....§
#.....§§§§§§.# .§§
#.....#§§§§###)§§
.....###§§§§§##§#
....§###§§§§§§§§#
.........§§§§§§§§§§§##
.......###§§§§§§hO§§§#
.........##§§§§§5§§§§#
.........§§§§§§§§§§§##
.........§§§§##§§§§§§§..
.........§§§. §§§§§§§§§#
.........§§..§§§§§§§§§##
.........§.#.§§§§§§§§§§§
....>......###§§§§§§§§§§
........... ...§§§..>..


You could see an ogre and a shadow imp.

Vanquished Creatures
  A black bear (D:3)
  A scorpion (D:4)
  3 bombardier beetles
  A hound (D:5)
  2 jellies (D:4)
  Robin (D:4)
  2 gnolls (D:4)
  2 adders
  A white imp (D:5)
  A worm (D:2)
  3 dart slugs
  An orc (D:4)
  8 ball pythons
  3 endoplasms
  5 giant cockroaches
  27 goblins
  4 hobgoblins
  3 jackals (D:4)
  3 quokkas
  4 bats
  4 frilled lizards
  7 kobolds
  8 rats
95 creatures vanquished.

Notes
Turn   | Place    | Note
-------+----------+-------------------------------------------
     0 | D:1      | Loonster the Troll Shapeshifter began the quest for the
                  | Orb.
     0 | D:1      | Reached XP level 1. HP: 18/18 MP: 0/0
   212 | D:1      | Reached XP level 2. HP: 26/26 MP: 1/1
   443 | D:2      | Reached skill level 4 in Unarmed Combat
   504 | D:2      | Reached XP level 3. HP: 30/32 MP: 2/2
  1364 | D:3      | Reached skill level 5 in Unarmed Combat
  1364 | D:3      | Reached XP level 4. HP: 40/40 MP: 3/3
  1368 | D:3      | Noticed a black bear
  1374 | D:3      | Killed a black bear
  1375 | D:3      | Reached skill level 6 in Unarmed Combat
  1375 | D:3      | Reached XP level 5. HP: 35/46 MP: 4/4
  2036 | D:4      | Identified the staff "Faonepeq" {rElec Str+2 Int+2 Dex+8
                  | Stlth+ Air}
  2040 | D:4      | Found a radiant altar of Vehumet.
  2085 | D:4      | Noticed a +0 dagger
  2085 | D:4      | Noticed a +0 dagger
  2089 | D:4      | Found a hide-covered altar of Uskayaw.
  2129 | D:4      | Became a worshipper of Uskayaw the Reveller
  2218 | D:4      | Reached * piety under Uskayaw
  2221 | D:4      | Reached skill level 7 in Unarmed Combat
  2221 | D:4      | Reached XP level 6. HP: 50/54 MP: 5/5
  2291 | D:4      | Reached ** piety under Uskayaw
  2517 | D:4      | Noticed Robin
  2524 | D:4      | Reached *** piety under Uskayaw
  2529 | D:4      | Reached **** piety under Uskayaw
  2530 | D:4      | Killed Robin
  2782 | D:5      | Entered Level 5 of the Dungeon
  2985 | D:5      | Annihilated by an ogre

Illustrated notes

Levels and vault maps discovered:
D:1:      roderic_crop_circles_arrival_small, layout_basic,
          kennysheep_nondescript, glass_columns_a,
          chequers_serial_rivers_small_a
D:2:      layout_basic, small_statue_intersection, kennysheep_generic_room_10
D:3:      layout_basic
D:4:      kennysheep_goblin_castle, layout_basic, dancing_weapons_uskayaw,
          lemuel_doored_altar, kennysheep_boxes
D:5:      layout_cave_pools, serial_demonic, serial_demonic_f, serial_demonic_a,
          serial_demonic_b, serial_demonic_c

Skill      XL: |  1  2  3  4  5 |
---------------+----------------+-----
Unarmed Combat | 4 5 6 7 |  7.9
Fighting       | |  0.7
Dodging        | |  1.5
Shapeshifting  | |  3.0

Action                     |  1- 3 |  4- 6 || total
---------------------------+-------+-------++-------
  Melee: Unarmed           |   157 |   121 ||   278
         Punch             |     6 |       ||     6
    Use: Scroll            |       |     2 ||     2
         Potion            |       |     1 ||     1
   Stab: Paralysed         |       |     1 ||     1
 Armour: Animal skin       |    18 |       ||    18
         Robe              |    44 |    98 ||   142
  Dodge: Dodged            |    37 |    65 ||   102

Table legend: (Time is in decaauts)
 A = Elapsed time spent in this place.
 B = Non-inter-level travel time spent in this place.
 C = Inter-level travel time spent in this place.
 D = Time resting spent in this place.
 E = Time spent auto-exploring this place.
 F = Levels seen in this place.
 G = Mean time per level.
                   A        B        C        D        E       F      G
               +--------+--------+--------+--------+--------+-----+--------+
         Total |   2958 |   2688 |    270 |     50 |   1993 |   5 |  591.6 |
       Dungeon |   2958 |   2688 |    270 |     50 |   1993 |   5 |  591.6 |
               +--------+--------+--------+--------+--------+-----+--------+

Top non-repeatable levels by time:
     D:4: 948 daAuts
     D:1: 688 daAuts
     D:3: 657 daAuts
     D:2: 608 daAuts
     D:5: 55 daAuts
